 Dungeon Crawl Stone Soup version 0.22-a0-756-gc33bbe721d (webtiles) character file.

321 Bapho the Slasher (level 6, -2/53 HPs)
             Began as a Draconian Monk on July 16, 2018.
             Killed from afar by an orc wizard (6 damage)
             ... with a puff of frost
             ... on level 3 of the Dungeon.
             The game lasted 00:05:18 (3440 turns).

Bapho the Slasher (Draconian Monk)                  Turns: 3440, Time: 00:05:19

Health: -2/53      AC:  8    Str: 13    XL:     6   Next: 22%
Magic:  15/15      EV: 14    Int: 11    God:
Gold:   224        SH:  0    Dex: 15    Spells: 5/5 levels left

rFire    . . .     SeeInvis .   a - +0 falchion
rCold    . . .     Gourm    .   (no shield)
rNeg     . . .     Faith    .   (armour unavailable)
rPois    .         Spirit   .   (helmet restricted)
rElec    .         Reflect  .   (no cloak)
rCorr    .         Harm     .   l - +0 pair of gloves
MR       .....                  m - +0 pair of boots
Stlth    ++........             (no amulet)
HPRegen  0.17/turn              f - ring of magical power
MPRegen  0.14/turn              (no ring)

@: no status effects
A: unfitting armour, cold-blooded, AC +6
a: no special abilities


You were on level 3 of the Dungeon.
You were not hungry.

You visited 1 branch of the dungeon, and saw 4 of its levels.

You collected 224 gold pieces.

Inventory:

Hand Weapons
 a - a +0 falchion (weapon)
Missiles
 s - 3 tomahawks
 t - 94 stones (quivered)
Armour
 l - a +0 pair of gloves (worn)
 m - a +0 pair of boots (worn)
Jewellery
 f - a ring of magical power (left hand)
 u - an uncursed ring of protection from magic {unknown}
Scrolls
 c - a scroll of teleportation {unknown}
 d - 2 scrolls of blinking {unknown}
 h - 2 scrolls of fear {unknown}
 i - 3 scrolls of identify {unknown}
 n - a scroll of noise {unknown}
 p - a scroll of fog {unknown}
 r - 3 scrolls of enchant weapon {unknown}
Potions
 e - a potion of might {unknown}
 g - a potion of degeneration {unknown}
 j - a potion of invisibility {unknown}
 k - a potion of berserk rage {unknown}
 q - a potion of haste {unknown}
Comestibles
 b - 4 rations


   Skills:
 + Level 4.7 Fighting
 * Level 5.4 Long Blades
 + Level 3.9 Dodging
 - Level 1.7 Stealth


You had 5 spell levels left.
You didn't know any spells.
Your spell library was empty.

Dungeon Overview and Level Annotations

Branches:
Dungeon (4/15)
 Temple: D:4-7

Altars:
Dithmenos
Qazlal
The Shining One


Innate Abilities, Weirdness & Mutations

Your plain brown scales are hard. (AC +6)
You cannot fit into any form of body armour.
You are cold-blooded and may be slowed by cold attacks.


Message History

You closely miss something. Something barely misses you.
You closely miss something. Something hits you but does no damage.
You barely miss something. Something hits you.
* * * LOW HITPOINT WARNING * * *
You hit something. Something hits you but does no damage.
You hit something.
You hear some strange, mumbled words.
A puff of flame appears from out of thin air!
The puff of flame hits you!
* * * LOW HITPOINT WARNING * * *
You barely miss something.
You hear some strange, mumbled words.
A magic dart appears from out of thin air!
The magic dart hits you!
* * * LOW HITPOINT WARNING * * *
You completely miss something.
You hear some strange, mumbled words.
A puff of frost appears from out of thin air!
The puff of frost hits you!
You die...

#.##.......##.......#.##
##.###.........#..##.#.#
##..........#####...#.#.#
##............####.#.....###
#..............##..####.....
#..............#..####...###
#................###...#.###
#..........){...##>..##...##
#..........@....#..#......##
##.............#..#..####.##
##...........#..##.## #.##
###########...###)# ####
#......###..# ##..
#.##..####.## #...
##.##.###...# ###.#.
#..#......######...#.
#.....######.......##


There were no monsters in sight!

Vanquished Creatures
  A bullfrog zombie (D:2)
  An orc priest (D:2)
  5 orc wizards
  A gnoll (D:3)
  4 adders
  An adder skeleton (D:4)
  4 dart slugs
  2 worms (D:2)
  2 leopard geckos
  8 orcs
  2 giant cockroaches
  A goblin (D:2)
  7 hobgoblins
  A ball python (D:1)
  5 bats
  2 frilled lizards
  4 kobolds
  11 rats
62 creatures vanquished.

Notes
Turn   | Place    | Note
-------+----------+-------------------------------------------
     0 | D:1      | Bapho the Draconian Monk began the quest for the Orb.
     0 | D:1      | Reached XP level 1. HP: 19/19 MP: 1/1
     2 | D:1      | Noticed an electric eel
   210 | D:1      | Reached XP level 2. HP: 22/26 MP: 2/2
   609 | D:2      | Reached XP level 3. HP: 28/33 MP: 3/3
   886 | D:2      | Reached skill level 4 in Long Blades
   886 | D:2      | Reached XP level 4. HP: 20/40 MP: 4/4
  1380 | D:2      | Found a stormy altar of Qazlal.
  1849 | D:3      | Reached XP level 5. HP: 40/46 MP: 5/5
  2597 | D:3      | Reached skill level 5 in Long Blades
  2855 | D:3      | Found a glowing golden altar of the Shining One.
  2925 | D:3      | Reached XP level 6. HP: 31/53 MP: 6/6
  3020 | D:3      | Found a shadowy altar of Dithmenos.
  3440 | D:3      | Killed from afar by an orc wizard

Vault maps used:
D:1:      arrival_aquarium_a, hangedman_decor_clover_reticule,
          minmay_crystal_room
D:2:      grunt_qazlal_clouds, first_ration, minmay_misc_feat_hallway
D:3:      tso_altar, grunt_dithmenos_smoke, st_stairs_6
D:4:      portal_sewer_entry_f, uniq_duvessa

Skill      XL: |  1  2  3  4  5 |
---------------+----------------+-----
Dodging        | 3 |  3.9
Long Blades    | 4 5 |  5.4
Fighting       | 4 |  4.7
Stealth        | |  1.7

Action                   |  1- 3 |  4- 6 || total
-------------------------+-------+-------++-------
Melee: Falchion          |    76 |   149 ||   225
       Tailslap          |    17 |    20 ||    37
Throw: Stone             |     4 |    26 ||    30
  Use: Potion            |       |     1 ||     1
 Stab: Sleeping          |     4 |     2 ||     6
  Eat: Chunk             |       |     8 ||     8
Armor: Skin              |    28 |    52 ||    80
Dodge: Dodged            |    47 |   140 ||   187
       Rpst.: Falchion   |    13 |    29 ||    42

Table legend:
 A = Spawn XP
 B = Non-spawn XP
 C = Spawn XP percentage of total XP
 D = Spawn monster count
 E = Non-spawn monster count
 F = Spawn count percentage of total count
 G = Total turns spent on level
                    A         B        C        D         E        F      G
               +---------+---------+-------+---------+---------+-------+---------
         Total |       0 |     459 |   0.0 |       0 |      62 |   0.0 |  3440
               +---------+---------+-------+---------+---------+-------+---------
           D:1 |       0 |      32 |   0.0 |       0 |      20 |   0.0 |   569
           D:2 |       0 |     198 |   0.0 |       0 |      18 |   0.0 |  1885
           D:3 |       0 |     224 |   0.0 |       0 |      23 |   0.0 |   945
           D:4 |       0 |       5 |   0.0 |       0 |       1 |   0.0 |    41
               +---------+---------+-------+---------+---------+-------+---------
